AoeStats
← Cerdito

African Clearing

506440556Analyzed
2v2 RM · 17d ago on Sep 13, 2026· 24m 42s· 4 players
Game mode
Random Map
Map size
Medium (4 player)
Population
200
Speed
Normal
Resources
Standard
Victory
Conquest
Starting age
Dark Age
Ending age
Imperial Age
RankedLock teamsTeams togetherTeam positionsShared explorationLock speedFull tech treeHidden civsTurbo modeCheats
Victory
Defeat
🇨🇳 Mongols · China
1152
+16
🇩🇪 Britons · Germany
1152
-16
🇩🇪 Spanish · Germany
1146
-15
AllDieHöllenInDir
12:39 Feudal Age
13:19 Double-Bit Axe
14:22 Gold Mining
18:05 Fletching
24:37 Castle Age
KÖLN_x_thedavefcb96
11:06 Loom
13:12 Feudal Age
14:34 Double-Bit Axe
22:47 Castle Age
22:12 Fletching
Cerdito
13:03 Feudal Age
14:15 Loom
14:20 Loom
18:30 Castle Age
16:23 Double-Bit Axe
18:15 Fletching
19:07 Bodkin Arrow
21:25 Padded Archer Armor
21:39 Bow Saw
我马枪和B站夜语夕言学的你几个马敢和我对线
6:24 Loom
13:35 Feudal Age
17:38 Castle Age
15:40 Double-Bit Axe
18:36 Fletching
23:12 Bodkin Arrow
Connection lost

Rejoining the realm…

Still unreachable

The connection could not be restored.

Session expired

The server has moved on; the page needs a fresh start.